 Dungeon Crawl Stone Soup version 0.19-a0-1878-gcbc8a98 (webtiles) character file.

55 HomeAl0ne the Conjurer (level 4, 0/30 HPs)
             Began as a Human Conjurer on Oct 13, 2016.
             Slain by an orc
             ... wielding a +0 trident
              (1 damage)
             ... on level 3 of the Dungeon.
             The game lasted 00:16:29 (2414 turns).

HomeAl0ne the Conjurer (Human Conjurer)             Turns: 2414, Time: 00:16:30

Health: 0/30       AC:  4    Str:  8    XL:     4   Next: 14%
Magic:  2/7        EV: 12    Int: 17    God:
Gold:   111        SH:  0    Dex: 13    Spells: 2 memorised, 4 levels left

rFire  . . .     SeeInvis .     r - +0 trident
rCold  . . .     Gourm    .     d - +0 leather armour
rNeg   . . .     Faith    .     (no shield)
rPois  .         Spirit   .     (no helmet)
rElec  .         Dismiss  .     (no cloak)
rCorr  .         Reflect  .     (no gloves)
MR     .....     Harm     .     k - +0 pair of boots
Stlth  ++........               (no amulet)
                                (no ring)
                                (no ring)

@: no status effects
A: no striking features
a: no special abilities


You were on level 3 of the Dungeon.
You were full.

You visited 1 branch of the dungeon, and saw 3 of its levels.

You collected 111 gold pieces.

Inventory:

Hand Weapons
 e - a +0 dagger
 g - a +0 dagger
 j - a +0 whip
 o - a +0 trident
 r - a +0 trident (weapon)
Missiles
 l - 15 bolts
Armour
 a - a +0 robe
 d - a +0 leather armour (worn)
 k - a +0 pair of boots (worn)
Scrolls
 f - 2 scrolls of identify {unknown}
 i - 2 scrolls of remove curse
Potions
 m - 2 potions of might {unknown}
 n - a potion of curing {unknown}
 p - a potion of flight {unknown}
 q - a potion of degeneration {unknown}
Books
 b - a book of Conjurations

   Spells                             Type                      Level
   a - Magic Dart                     Conjuration                  1
   b - Searing Ray                    Conjuration                  2
   c - Dazzling Spray                 Conjuration/Hexes            3
   d - Fulminant Prism                Conjuration/Hexes            4
   e - Iskenderun's Mystic Blast      Conjuration                  4
   f - Iskenderun's Battlesphere      Conjuration/Charms           5
Comestibles
 c - 2 bread rations
 h - 3 fruits


   Skills:
 + Level 0.2 Fighting
 + Level 0.6 Short Blades
 + Level 0.2 Polearms
 + Level 1.2 Armour
 + Level 2.4 Dodging
 + Level 2.2 Stealth
 + Level 0.4 Unarmed Combat
 + Level 2.2 Spellcasting
 + Level 4.4 Conjurations


You had 4 spell levels left.
You knew the following spells:

 Your Spells              Type           Power        Failure   Level  Hunger
a - Searing Ray           Conj           ###...       10%         2    ###....
b - Magic Dart            Conj           ###.         6%          1    #......


Dungeon Overview and Level Annotations

Branches:
Dungeon (3/15)

Altars:


Message History

Confirm with . or Enter, or press ? or * to list all spells.
You don't have enough magic to cast that spell.
Casting: Searing Ray
Confirm with . or Enter, or press ? or * to list all spells.
You don't know that spell.
The orc barely misses you.
You closely miss the orc. The orc barely misses you.
You barely miss the orc. The orc hits you with a trident.
* * * LOW HITPOINT WARNING * * *
You barely miss the orc. The orc hits you with a trident.
* * * LOW HITPOINT WARNING * * *
You barely miss the orc. The orc closely misses you.
The orc hits you with a trident.
* * * LOW HITPOINT WARNING * * *
You hit the orc but do no damage. The orc hits you with a trident.
* * * LOW HITPOINT WARNING * * *
The orc closely misses you.
You see here 2 tomahawks.
The orc hits you from afar with a trident.
You die...

#.. ... #.#...# #
#.#. .#<
..######.. ... #
#.. .....##.##.#
#.# #..#..$..#
#.#####........#
#.##(.o..........
#.##@##..#..##.##
#.##.##..#..#
#........#....
#......#.##.##.
#.#.##.#..... #
#.#.##.####.###
#.#.##.##.....#
#.#.##.##.....#
#.#.##.##.....#


You could see an orc.

Vanquished Creatures
  An adder (D:2)
  A worm (D:2)
  A dart slug (D:1)
  2 leopard geckos
  2 orcs (D:3)
  4 bats
  2 giant cockroaches (D:1)
  4 goblins
  3 hobgoblins (D:1)
  3 jackals (D:2)
  3 kobolds
  A ball python (D:1)
  3 frilled lizards
  3 rats
33 creatures vanquished.

Notes
Turn   | Place    | Note
-------+----------+-------------------------------------------
     0 | D:1      | HomeAl0ne the Human Conjurer began the quest for the Orb.
     0 | D:1      | Reached XP level 1. HP: 13/13 MP: 3/3
   520 | D:1      | Reached XP level 2. HP: 19/19 MP: 1/5
   586 | D:1      | Learned a level 2 spell: Searing Ray
   588 | D:1      | Learned a level 1 spell: Magic Dart
   936 | D:1      | Reached XP level 3. HP: 21/24 MP: 6/6
  1898 | D:2      | Reached skill level 1 in Armour
  2091 | D:2      | You fall through a shaft!
  2327 | D:3      | Reached XP level 4. HP: 23/30 MP: 7/7
  2411 | D:3      | HP: 1/30 [orc/trident (5)]
  2414 | D:3      | Slain by an orc

Vault maps used:
D:1:      shiori_angband_town, roderic_serpentine_path
D:2:      first_bread
D:3:      uniq_crazy_yiuf_cottage

Skill      XL: |  1  2  3 |
---------------+----------+-----
Armour         | 1 |  1.2
Fighting       | |  0.2
Short Blades   | |  0.6
Polearms       | |  0.2
Dodging        | |  2.4
Stealth        | |  2.2
Unarmed Combat | |  0.4
Spellcasting   | |  2.2
Conjurations   | |  4.4

Action                   |  1- 3 |  4- 6 || total
-------------------------+-------+-------++-------
Melee: Unarmed           |    16 |       ||    16
       Dagger            |   122 |       ||   122
       Trident           |       |    18 ||    18
 Cast: Magic Dart        |     6 |       ||     6
       Searing Ray       |     8 |     3 ||    11
  Use: Scroll            |     2 |       ||     2
 Stab: Sleeping          |     2 |       ||     2
  Eat: Chunk             |     4 |       ||     4
       Meat ration       |     1 |       ||     1
       Fruit             |     1 |       ||     1
Armor: Leather armour    |    35 |     4 ||    39
Dodge: Dodged            |   100 |    22 ||   122
